 Dungeon Crawl Stone Soup version 0.17.0-26-gececa24 (webtiles) character file.

77 M4edhros the Charlatan (level 4, -1/28 HPs)
             Began as an Octopode Artificer on Nov 19, 2015.
             Slain by Grinder (7 damage)
             ... on level 3 of the Dungeon.
             The game lasted 00:01:36 (1559 turns).

M4edhros the Charlatan (Octopode Artificer)         Turns: 1559, Time: 00:01:37

Health: -1/28      AC:  1    Str: 10    XL:     4   Next: 33%
Magic:  7/7        EV: 12    Int: 14    God:
Gold:   55         SH:  0    Dex: 13    Spells: 0 memorised, 3 levels left

rFire  + . .     SeeInvis .     a - +0 short sword
rCold  . . .     Clarity  .     (no shield)
rNeg   . . .     SustAt   .     (helmet restricted)
rPois  .         Gourm    .     (no amulet)
rElec  .         Spirit   .     p - ring of protection from fire
rCorr  .         Warding  .     (no ring)
rMut   .         Stasis   .     (no ring)
MR     .....                    (no ring)
Stlth  ++++......               (no ring)
                                (no ring)
                                (no ring)
                                (no ring)

@: not resistant to hostile enchantments, stealthy
A: almost no armour, amphibious, 8 rings, constrict 8, camouflage 1, gelatinous
body 1
a: no special abilities


You were on level 3 of the Dungeon.
You were not hungry.

You visited 1 branch of the dungeon, and saw 3 of its levels.

You collected 55 gold pieces.

Inventory:

Hand Weapons
 a - a +0 short sword (weapon)
 s - a +0 blowgun
Missiles
 i - 117 stones (quivered)
 t - 18 sling bullets
Jewellery
 p - a ring of protection from fire (left tentacle)
Wands
 b - a wand of flame (15)
 c - a wand of enslavement (14)
 d - a wand of random effects (15)
Scrolls
 f - 2 scrolls of enchant armour {unknown}
 g - 2 scrolls of teleportation {unknown}
 k - 4 scrolls of identify {unknown}
 l - a scroll of random uselessness {unknown}
Potions
 j - a potion of might {unknown}
 m - a potion of magic {unknown}
 n - 2 potions of agility {unknown}
 o - a potion of invisibility {unknown}
 r - a potion of degeneration {unknown}
Comestibles
 e - 3 bread rations
 h - 2 meat rations
 q - a beef jerky


   Skills:
 - Level 1.0 Fighting
 - Level 1.0 Short Blades
 - Level 2.0 Dodging
 + Level 3.7 Stealth
 + Level 4.7 Evocations


You had 3 spell levels left.
You didn't know any spells.

Dungeon Overview and Level Annotations

Branches:
Dungeon (3/15)

Altars:
Cheibriados

Annotations:
D:2 Robin
D:3 Grinder


Innate Abilities, Weirdness & Mutations

You cannot wear most types of armour.
You are amphibious.
You can wear up to eight rings at the same time.
You can use your tentacles to constrict eight enemies at once.
Your skin changes colour to match your surroundings (Stealth).
Your rubbery body absorbs attacks (AC +1).


Message History

Grinder hits you.
You writhe in agony.
Found 2 sapphire potions.
Found a stone staircase leading down.
You hit Grinder. Your grab misses Grinder.
Grinder is lightly wounded.
Grinder misses you.
You hit Grinder. Your grab misses Grinder.
Grinder is lightly wounded.
Grinder hits you!
* * * LOW HITPOINT WARNING * * *
You writhe in agony.
* * * LOW HITPOINT WARNING * * *
Drink which item? (? for menu, Esc to quit)
Okay, then.
Evoke which item? (* to show all) (? for menu, Esc to quit)
Zapping:
c - a wand of enslavement (15)
Press: ? - help, Shift-Dir - straight line, f - Grinder
Aim: Grinder (lightly wounded, chance to defeat MR: 55%) Grinder resists with significant effort.
This wand has 14 charges left.
Grinder hits you!
You die...

### ####### >.
#.....# .###'##
#.....#####......#
#.....'...@......#
#.....#####5.....#
#####'### .######
#....# .# #....#
.. #....# ..
##'### #.. #.# !.
#####'###


You could see Grinder.

Vanquished Creatures
  Natasha (D:3)
  An ooze (D:1)
  6 orcs (D:3)
  3 goblins
  8 hobgoblins
  7 jackals (D:1)
  3 kobolds
  A ball python (D:3)
  2 bats
  A giant newt (D:1)
  6 rats
39 creatures vanquished.

Notes
Turn   | Place    | Note
--------------------------------------------------------------
     0 | D:1      | M4edhros the Octopode Artificer began the quest for the Orb.
     0 | D:1      | Reached XP level 1. HP: 13/13 MP: 3/3
    43 | D:1      | Reached XP level 2. HP: 15/18 MP: 4/4
   422 | D:1      | Reached skill level 4 in Evocations
   455 | D:1      | Reached XP level 3. HP: 23/23 MP: 6/6
   982 | D:2      | Found a snail-covered altar of Cheibriados.
  1038 | D:2      | Noticed Robin
  1191 | D:3      | Found a faded altar to an unknown god.
  1227 | D:3      | Noticed Natasha
  1234 | D:3      | Killed Natasha
  1234 | D:3      | Reached XP level 4. HP: 28/28 MP: 7/7
  1556 | D:3      | Noticed Grinder
  1559 | D:3      | Slain by Grinder

Action                   |  1- 3 |  4- 6 || total
-------------------------+-------+-------++-------
Melee: Short sword       |    68 |    14 ||    82
Evoke: Wand              |       |     1 ||     1
 Stab: Sleeping          |     6 |     1 ||     7
  Eat: Chunk             |       |     2 ||     2
